 Dungeon Crawl Stone Soup version 0.31-a0-844-gdc52ec4e09 (webtiles) character file.

Game seed: 10309282363268952305

35 wvc the Cudgeller (level 3, -1/21 HPs)
             Began as a Gargoyle Gladiator on Sept 30, 2023.
             Was a Follower of Makhleb.
             Slain by a quokka (3 damage)
             ... on level 1 of the Dungeon.
             The game lasted 00:02:43 (1281 turns).

wvc the Cudgeller (Gargoyle Gladiator)              Turns: 1281, Time: 00:02:43

Health: -1/21      AC:  9    Str: 17    XL:     3   Next: 35%
Magic:  3/3        EV: 12    Int: 10    God:    Makhleb [*.....]
Gold:   89         SH:  0    Dex: 11    Spells: 2/2 levels left

rFire   . . .        a - +0 flail
rCold   . . .        (no shield)
rNeg    + . .        b - +0 leather armour
rPois   ∞            c - +0 helmet
rElec   +            i - +1 cloak {rCorr}
rCorr   +            (no gloves)
SInv    .            (no boots)
Will    .....        (no amulet)
Stlth   +            (no ring)
HPRegen 0.23/turn    (no ring)
MPRegen 0.08/turn

%: no passive effects
@: no status effects
A: sickness immunity, AC +3, negative energy resistance 1, electricity
resistance, torment resistance 1, petrification resistance
a: Renounce Religion


You were on level 1 of the Dungeon.
You worshipped Makhleb.
Makhleb was aware of your devotion.
You visited 1 branch of the dungeon, and saw 2 of its levels.

You collected 89 gold pieces.

Inventory:

Hand Weapons
 a - a +0 flail (weapon)
 q - a +1 whip of venom
Missiles
 d - 3 throwing nets (quivered)
 e - a javelin
 h - 5 poisoned darts
Armour
 b - a +0 leather armour (worn)
 c - a +0 helmet (worn)
 i - a +1 cloak of preservation (worn)
Jewellery
 k - a +6 ring of intelligence
Scrolls
 f - a scroll of teleportation {unknown}
 g - 2 scrolls of fear {unknown}
 l - 2 scrolls of identify {unknown}
 o - a scroll of revelation {unknown}
Potions
 j - a potion of curing {unknown}
 m - a potion of brilliance {unknown}
 n - a potion of cancellation {unknown}
 p - a potion of ambrosia {unknown}


   Skills:
 - Level 2.1 Fighting
 + Level 2.6(3.2) Axes
 - Level 3.0(3.5) Maces & Flails
 - Level 1.7 Throwing
 - Level 2.4 Dodging


You had 2 spell levels left.
You didn't know any spells.
Your spell library was empty.

Dungeon Overview and Level Annotations

Branches:
Dungeon (2/15)

Altars:
Makhleb

Shops:
D:1 (

Annotations:
D:2 Robin


Innate Abilities, Weirdness & Mutations

You are immune to sickness and miasma.
Your stone body is resilient. (AC +3)
You are immune to poison.
You resist negative energy. (rN+)
You are resistant to electric shocks. (rElec)
You are resistant to unholy torment.
You are immune to petrification.


Message History

* * * LOW HITPOINT WARNING * * *
You closely miss the quokka.
The quokka is severely wounded.
The quokka bites you but does no damage.
You miss the quokka.
The quokka is heavily wounded.
The quokka bites you but does no damage.
The quokka barely misses you.
You closely miss the quokka.
The quokka is lightly wounded.
The quokka closely misses you.
The quokka bites you but does no damage.
You closely miss the quokka.
The quokka is lightly wounded.
The quokka bites you.
* * * LOW HITPOINT WARNING * * *
You closely miss the quokka.
The quokka is lightly wounded.
The quokka misses you. The quokka bites you.
* * * LOW HITPOINT WARNING * * *
The quokka attacks as it pursues you!
The quokka bites you but does no damage.
The quokka attacks as it pursues you! The quokka barely misses you.
Robin roars a battlecry!
The goblins go into a battle-frenzy!
The quokka attacks as it pursues you!
The quokka bites you but does no damage.
The quokka attacks as it pursues you! The quokka closely misses you.
The quokka bites you but does no damage.
The quokka attacks as it pursues you! The quokka bites you.
* * * LOW HITPOINT WARNING * * *
There is a stone staircase leading up here.
The quokka bites you.
* * * LOW HITPOINT WARNING * * *
You climb upwards.
There is a stone staircase leading down here.
You barely miss the quokka.
The quokka is lightly wounded.
The quokka barely misses you. The quokka bites you.
You die...

#.#)#......##........
###.#.#.......)........
#............######.#..
####...##....# #.#.. #...###'#.#
#.#..
########...###.#.######.#..
#..........................
###########..#..###...#.##.###..
#.............r@###...#.##......
############....................
#######..#.###...#.##.###..
##.....#..#.###...#.##.# #..
#......................###..
#......#....................
#....###..........#.##.###..
#....# #....................
#.#### #..#####...#.##.###..


You could see a quokka.

Vanquished Creatures
  An endoplasm (D:2)
  3 giant cockroaches
  3 hobgoblins
  2 ball pythons
  2 bats (D:2)
  3 frilled lizards
  10 goblins
  5 kobolds
  A rat (D:1)
30 creatures vanquished.

Notes
Turn   | Place    | Note
-------+----------+-------------------------------------------
     0 | D:1      | wvc the Gargoyle Gladiator began the quest for the Orb.
     0 | D:1      | Reached XP level 1. HP: 12/12 MP: 1/1
    56 | D:1      | Found Bedwa's Weapon Shoppe.
   143 | D:1      | Reached skill level 1 in Axes
   146 | D:1      | Reached XP level 2. HP: 17/17 MP: 2/2
   550 | D:1      | Found a faded altar of an unknown god.
   557 | D:1      | Prayed at the altar of an unknown god.
   557 | D:1      | Became a worshipper of Makhleb the Destroyer
   557 | D:1      | Reached * piety under Makhleb
  1122 | D:2      | Reached XP level 3. HP: 13/21 MP: 3/3
  1244 | D:2      | Noticed Robin
  1279 | D:2      | HP: 1/21 [quokka (3)]
  1281 | D:1      | Slain by a quokka

Illustrated notes

Levels and vault maps discovered:
D:1:      lightli_arrival_chessboard, layout_basic, serial_shops, shop,
          dilly_ecumenical_altar_fadedgnrine, minmay_pentomino_o2
D:2:      layout_basic, uniq_robin

Skill      XL: |  1  2 |
---------------+-------+-----
Axes           | 1 2 |  2.6
Fighting       | |  2.1
Maces & Flails | |  3.0
Throwing       | |  1.7
Dodging        | |  2.4

Action                     || total
---------------------------++-------
  Melee: Flail             ||   104
         Punch             ||     1
 Armour: Leather armour    ||    85
  Dodge: Dodged            ||   105

Table legend: (Time is in decaauts)
 A = Elapsed time spent in this place.
 B = Non-inter-level travel time spent in this place.
 C = Inter-level travel time spent in this place.
 D = Time resting spent in this place.
 E = Time spent auto-exploring this place.
 F = Levels seen in this place.
 G = Mean time per level.
                   A        B        C        D        E       F      G
               +--------+--------+--------+--------+--------+-----+--------+
         Total |   1305 |   1297 |      8 |      0 |   1026 |   2 |  652.5 |
       Dungeon |   1305 |   1297 |      8 |      0 |   1026 |   2 |  652.5 |
               +--------+--------+--------+--------+--------+-----+--------+

Top non-repeatable levels by time:
     D:1: 863 daAuts
     D:2: 441 daAuts
